 Dungeon Crawl Stone Soup version 0.24.0-37-gcf1ca852f1 (webtiles) character file.

Game seed: 7789846714361044326, levelgen mode: deterministic

1492 Delamore the Cleaver (level 8, -2/63 (64) HPs)
             Began as a Hill Orc Fighter on Nov 28, 2019.
             Slain by an orc warrior
             ... wielding a +0 scimitar
              (17 damage)
             ... on level 6 of the Dungeon.
             The game lasted 00:09:12 (6324 turns).

Delamore the Cleaver (Hill Orc Fighter)             Turns: 6324, Time: 00:09:13

HP:   -2/63 (64)    AC: 12    Str: 21    XL:     8   Next: 80%
MP:   8/8           EV:  7    Int:  8    God:
Gold: 304           SH:  9    Dex: 13    Spells: 7/7 levels left

rFire    . . .     SeeInvis .   r - +1 hand axe (venom)
rCold    . . .     Gourm    .   c - +0 shield
rNeg     . . .     Faith    .   b - +0 scale mail
rPois    .         Spirit   .   (no helmet)
rElec    .         Reflect  .   y - +2 cloak
rCorr    .         Harm     .   l - +1 pair of gloves
MR       .....                  (no boots)
Stlth    ..........             (no amulet)
HPRegen  0.20/turn              p - +3 ring of dexterity
MPRegen  0.11/turn              (no ring)

@: no status effects
A: no striking features
a: no special abilities


You were on level 6 of the Dungeon.
You were not hungry.

You visited 1 branch of the dungeon, and saw 6 of its levels.

You collected 304 gold pieces.

Inventory:

Hand Weapons
 a - a +0 war axe
 r - a +1 hand axe of venom (weapon)
 s - a +0 battleaxe
Armour
 b - a +0 scale mail (worn)
 c - a +0 shield (worn)
 l - a +1 pair of gloves (worn)
 m - a +0 cloak
 y - a +2 cloak (worn)
Jewellery
 i - an uncursed ring of fire
 p - a +3 ring of dexterity (left hand)
Scrolls
 e - 3 scrolls of fear
 g - a scroll of amnesia
 h - a scroll of magic mapping
 o - 3 scrolls of teleportation
 q - a scroll of remove curse
 x - 3 scrolls of identify
Potions
 d - 3 potions of might
 j - 4 potions of heal wounds
 k - 4 potions of brilliance {unknown}
 n - 2 potions of haste {unknown}
 t - a potion of mutation {unknown}
 u - a potion of curing {unknown}
 v - a potion of degeneration {unknown}
 w - a potion of lignification {unknown}
Comestibles
 f - 13 rations


   Skills:
 - Level 3.6 Fighting
 + Level 13.5 Axes
 - Level 3.2 Armour
 - Level 3.2 Shields


You had 7 spell levels left.
You didn't know any spells.
Your spell library contained the following spells:

 Spells                   Type           Power        Failure   Level  Hunger
 Animate Skeleton         Necr           N/A          99%         1    ##.....
 Apportation              Tloc           #.....       99%         1    ##.....
 Confusing Touch          Hex            #.....       99%         1    ##.....
 Summon Small Mammal      Summ           #...         99%         1    ##.....


Dungeon Overview and Level Annotations

Branches:
Dungeon (6/15)
 Temple: D:4-7

Altars:
Cheibriados
Gozag
Hepliaklqana
Nemelex Xobeh
Trog
Uskayaw
Xom
Yredelemnul
Zin


Message History

You are too injured to fight recklessly!
You are too injured to fight recklessly!
Unknown command.
You are too injured to fight recklessly!
You are too injured to fight recklessly!
The orc warrior hits you with a +0 scimitar!
* * * LOW HITPOINT WARNING * * *
Things that are here:
a +0 mace; a +0 leather armour; a +0 dagger You hit the orc warrior but do no damage.
The orc warrior is severely wounded.
You closely miss the orc warrior.
The orc warrior is severely wounded.
You block the orc warrior's attack.
You hit the orc warrior.
The orc warrior looks as sick as possible!
The orc warrior is severely wounded.
You closely miss the phantom.
The orc warrior hits you with a +0 scimitar!
You die...

##.##..#.##.##.#
###...............
###.................
.......##..######..# #
#.............#..# #. #
#.............+...
##..#.#.............#..#
......#W............# .#
......o@...###+######
##....#..........# #...
#..#.###.###
...............
##....#..#.####
#..........#
......#..#..#
.............
###.#.#.##....


You could see a phantom and an orc warrior.

Vanquished Creatures
  Grinder (D:6)
  2 sky beasts (D:3)
  A necrophage (D:5)
  2 howler monkeys
  A crimson imp (D:5)
  A bullfrog zombie (D:6)
  A jelly (D:5)
  Crazy Yiuf (D:5)
  8 orc priests
  A centaur skeleton (D:4)
  An iguana (D:3)
  7 orc wizards
  5 worker ants
  8 adders
  2 shadow imps (D:5)
  2 oozes (D:3)
  2 adder skeletons
  4 worms
  2 dart slugs
  6 leopard geckos
  22 orcs
  11 bats
  2 giant cockroaches
  12 goblins
  11 hobgoblins
  3 jackals
  2 ball pythons
  3 frilled lizards
  A giant cockroach zombie (D:5)
  9 kobolds
  A leopard gecko skeleton (D:5)
  7 rats
142 creatures vanquished.

Notes
Turn   | Place    | Note
-------+----------+-------------------------------------------
     0 | D:1      | Delamore the Hill Orc Fighter began the quest for the Orb.
     0 | D:1      | Reached XP level 1. HP: 19/19 MP: 1/1
    34 | D:1      | Reached skill level 3 in Axes
    99 | D:1      | Reached XP level 2. HP: 22/26 MP: 2/2
   134 | D:1      | Reached skill level 4 in Axes
   261 | D:1      | Reached XP level 3. HP: 31/31 MP: 3/3
   489 | D:1      | HP: 1/31 [bat (1)]
   987 | D:2      | Reached skill level 5 in Axes
  1033 | D:2      | Found a hazy altar of Hepliaklqana.
  1074 | D:2      | Found an opulent altar of Gozag.
  1186 | D:2      | Reached XP level 4. HP: 31/39 MP: 4/4
  1250 | D:2      | Reached skill level 6 in Axes
  1453 | D:3      | Found a hide-covered altar of Uskayaw.
  1521 | D:3      | Noticed a sky beast
  1539 | D:3      | Killed a sky beast
  1539 | D:3      | Reached skill level 7 in Axes
  1539 | D:3      | Reached XP level 5. HP: 29/45 MP: 5/5
  1896 | D:3      | Found a glowing silver altar of Zin.
  2036 | D:3      | Reached skill level 8 in Axes
  2047 | D:3      | Found a sparkling altar of Nemelex Xobeh.
  2098 | D:3      | Reached XP level 6. HP: 5/51 MP: 6/6
  2780 | D:3      | Reached skill level 9 in Axes
  2796 | D:4      | Noticed a sky beast
  2826 | D:3      | Killed a sky beast
  2826 | D:3      | Reached XP level 7. HP: 14/57 MP: 7/7
  3085 | D:3      | Reached skill level 10 in Axes
  3849 | D:3      | Reached skill level 11 in Axes
  4007 | D:4      | Reached XP level 8. HP: 36/64 MP: 8/8
  4219 | D:4      | Found a basalt altar of Yredelemnul.
  4506 | D:4      | Found a shimmering altar of Xom.
  4507 | D:4      | Found a snail-covered altar of Cheibriados.
  4559 | D:4      | Noticed a moth of wrath
  4562 | D:4      | Found a bloodstained altar of Trog.
  4704 | D:5      | Entered Level 5 of the Dungeon
  4932 | D:5      | Found a runed translucent door.
  4933 | D:5      | Noticed Crazy Yiuf
  4985 | D:5      | Reached skill level 12 in Axes
  6002 | D:5      | Killed Crazy Yiuf
  6061 | D:6      | Noticed Grinder
  6073 | D:6      | Paralysed by Grinder for 3 turns
  6078 | D:6      | Killed Grinder
  6078 | D:6      | Reached skill level 13 in Axes
  6324 | D:6      | Slain by an orc warrior

Levels and vault maps discovered:
D:1:      wander_arrival_abandoned_jail, layout_loops_ring
D:2:      layout_rooms, lemuel_crystal_altar, nicolae_gozag_seed_capital
D:3:      layout_loops_ring, nicolae_overflow_crystal_walls,
          eat_drink_and_be_merry_uskayaw, lemuel_crystal_altar
D:4:      layout_cave_pools, lemuel_doored_altar, tgw_trog,
          gammafunk_temple_overflow_statue
D:5:      layout_loops_corners, first_ration, uniq_crazy_yiuf_cottage
D:6:      layout_basic, okawaru_altar_gauntlet_db, hangedman_glass_garden,
          minmay_hollow_rounded_squares, uniq_grinder, uniq_prince_ribbit1,
          uniq_blork_the_orc

Skill      XL: |  1  2  3  4  5  6  7  8 |
---------------+-------------------------+-----
Axes           | 3 4 5 7 8 9 11 13 | 13.5
Fighting       | |  3.6
Armour         | |  3.2
Shields        | |  3.2

Action                   |  1- 3 |  4- 6 |  7- 9 || total
-------------------------+-------+-------+-------++-------
Melee: War axe           |   118 |   156 |    63 ||   337
       Hand axe          |       |       |   155 ||   155
  Use: Scroll            |       |     5 |     3 ||     8
       Potion            |       |       |     1 ||     1
  Eat: Chunk             |     1 |     6 |     7 ||    14
       Ration            |       |       |     1 ||     1
Armor: Scale mail        |    46 |   109 |   103 ||   258
Dodge: Dodged            |    36 |    61 |    52 ||   149
Block: Shield            |    70 |    74 |    83 ||   227
